 Dungeon Crawl Stone Soup version 0.13.1-28-g3517093 (console) character file.

171 Lucky the Chopper (level 5, -3/46 HPs)
             Began as a Hill Orc Berserker on Mar 15, 2014.
             Was a Follower of Trog.
             Slain by a giant frog (9 damage)
             ... on Level 7 of the Dungeon.
             The game lasted 00:02:08 (298 turns).

Lucky the Chopper (Hill Orc Berserker)               Turns: 298, Time: 00:02:08

HP  -3/46        AC  2     Str 20      XL: 5   Next: 11%
MP   4/4         EV 12     Int  7      God: Trog [*.....]
Gold 44          SH  0     Dex 11      Spells:  0 memorised,  4 levels left

Res.Fire  : . . .   See Invis. : .   i - +0,+1 dwarf broad axe
Res.Cold  : . . .   Warding    : .   b - +0 animal skin
Life Prot.: . . .   Conserve   : .   (no shield)
Res.Poison: .       Res.Corr.  : .   (no helmet)
Res.Elec. : .       Clarity    : .   (no cloak)
Sust.Abil.: . .     Spirit.Shd : .   (no gloves)
Res.Mut.  : .       Stasis     : .   (no boots)
Res.Rott. : .       Flight     : .   (no amulet)
Saprovore : + . .                    (no ring)
                                     (no ring)

@: exhausted, mildly poisoned, slowed, very slow, slightly resistant to hostile
enchantments, unstealthy
A: saprovore 1
a: Burn Spellbooks, Berserk, Renounce Religion


You were on level 7 of the Dungeon.
You worshipped Trog.
Trog was aware of your devotion.
You were hungry.

You visited 1 branch of the dungeon, and saw 5 of its levels.

You collected 24 gold pieces.

Inventory:

Hand weapons
 a - a +0,+0 orcish hand axe {=f}
 i - a +0,+1 dwarven broad axe (weapon)
Armour
 b - a +0 animal skin (worn)
Comestibles
 c - a meat ration
 f - a pear
 h - 13 strawberries
Scrolls
 d - a scroll of amnesia {unknown}
 g - a scroll of teleportation {unknown}


   Skills:
 + Level 4.5 Fighting
 * Level 6.0 Axes
 + Level 3.3 Armour
 - Level 1.5 Dodging


You had 4 spell levels left.
You didn't know any spells.

Dungeon Overview and Level Annotations

Branches:
Dungeon (7/27)
 Temple: D:4-7          Orc: D:6-11

Altars:
Cheibriados
Okawaru
Xom

Shops:
D:7 +


Innate Abilities, Weirdness & Mutations

You can tolerate rotten meat.


Message History

You feel sick. The giant frog barely misses you.
The giant frog hits you but does no damage.
The giant frog closely misses you.
You completely miss the giant frog.
The giant frog is lightly wounded.
You feel sick. The giant frog hits you. The giant frog hits you.
The giant frog hits you.
You hit the giant frog.
The giant frog is moderately wounded.
You feel sick. The giant frog hits you.
* * * LOW HITPOINT WARNING * * *
The giant frog hits you.
* * * LOW HITPOINT WARNING * * *
You aren't carrying any potions.
Unknown command.
Unknown command.
The giant frog hits you.
* * * LOW HITPOINT WARNING * * *
The giant frog hits you!
You die...

........##....####.###.##.
.................._........
#......##.##.....###.###.###
#......##.####.#.# #.....##
#......##......#.# #.#....#
#####....####..#.#.# #.#.##.#
#.##8....###...###.# #.#.#..#
+#+#)#####........#.#.###.....##
......+..#.##..F@.#.#.....###.#
+#+#'###........#.#.........#.#
#.##8.#....#.....#^###.....#
#####.#....#.#.....#########
###.##.#.#.........#
#(..∩.....#.#####.
##.####...#... #.. ###.##### ###
#.#


You could see a giant frog.

Vanquished Creatures
  A water moccasin (D:7)
  A wight (D:7)
  An adder (D:3)
  A giant gecko (D:3)
  A bat (D:7)
  2 hobgoblins (D:3)
  A giant cockroach (D:3)
  A human zombie (D:7)
  A kobold (D:3)
10 creatures vanquished.

Notes
Turn   | Place    | Note
--------------------------------------------------------------
     0 | D:1      | Lucky, the Hill Orc Berserker, began the quest for the Orb.
     0 | D:1      | Reached XP level 1. HP: 19/19 MP: 0/0
    89 | D:3      | Reached XP level 2. HP: 26/26 MP: 1/1
   101 | D:3      | Found a shimmering altar of Xom.
   178 | D:4      | You fall through a shaft!
   178 | D:7      | Found a snail-covered altar of Cheibriados.
   207 | D:7      | Found Noiptoe's Book Emporium.
   225 | D:7      | Noticed a wight
   236 | D:7      | Killed a wight
   236 | D:7      | Reached skill level 5 in Axes
   236 | D:7      | Reached XP level 3. HP: 24/33 MP: 2/2
   236 | D:7      | Reached XP level 4. HP: 29/40 MP: 3/3
   245 | D:7      | Found an iron altar of Okawaru.
   260 | D:7      | Noticed a water moccasin
   281 | D:7      | Killed a water moccasin
   281 | D:7      | Reached skill level 6 in Axes
   281 | D:7      | Reached XP level 5. HP: 46/46 MP: 4/4
   293 | D:7      | Noticed a giant frog
   298 | D:7      | Slain by a giant frog

Action                   |  1- 3 |  4- 6 || total
-------------------------+-------+-------++-------
Melee: Hand axe          |    12 |       ||    12
       Broad axe         |     6 |     5 ||    11
Invok: Berserk           |     2 |     1 ||     3
  Use: Potion            |       |     1 ||     1
